 Dungeon Crawl Stone Soup version 0.26-a0-648-g87339cca5e (webtiles) character file.

Game seed: 16687053542829998163

2 puszystypenetrator the Caller (level 1, 0/7 HPs)
             Began as a Felid Summoner on Sept 25, 2020.
             Slain by a jackal (2 damage)
             ... on level 1 of the Dungeon.
             The game lasted 00:01:44 (146 turns).

puszystypenetrator the Caller (Felid Summoner)       Turns: 146, Time: 00:01:44

Health: 0/7        AC:  1    Str:  4    XL:     1   Next: 33%
Magic:  1/4        EV: 18    Int: 16    God:
Gold:   35         SH:  0    Dex: 16    Spells: 3/4 levels left
                                        Lives:  0   Deaths: 0

rFire    . . .     SeeInvis +   (weapon unavailable)
rCold    . . .     Faith    .   (shield unavailable)
rNeg     . . .     Spirit   .   (armour unavailable)
rPois    .         Reflect  .   (helmet unavailable)
rElec    .         Harm     .   (cloak unavailable)
rCorr    .         Rampage  .   (gloves unavailable)
MR       .....                  (boots unavailable)
Stlth    +++.......             (no amulet)
HPRegen  0.02/turn              (no ring)
MPRegen  0.09/turn              (no ring)

@: quick
A: very small, no armour, no weapons or thrown items, stealth, claws 1, fangs 3,
see invisible, speed 1, shaggy fur 1, sharp paws
a: no special abilities


You were on level 1 of the Dungeon.
You visited 1 branch of the dungeon, and saw 2 of its levels.

You collected 35 gold pieces.

Inventory:

Scrolls
 a - a scroll of remove curse {unknown}
Potions
 b - a potion of flight {unknown}
 c - a potion of ambrosia {unknown}


   Skills:
 + Level 2.6 Dodging
 + Level 2.6 Stealth
 + Level 2.1 Spellcasting
 + Level 4.0 Summonings


You had 3 spell levels left.
You knew the following spells:

 Your Spells              Type           Power        Failure   Level
a - Summon Small Mammal   Summ           ##..         3%          1

Your spell library contained the following spells:

 Spells                   Type           Power        Failure   Level
 Call Imp                 Summ           ##......     6%          2
 Call Canine Familiar     Summ           ##......     12%         3
 Summon Guardian Golem    Hex/Summ       #.......     26%         3
 Summon Ice Beast         Ice/Summ       #.......     65%         4
 Summon Lightning Spire   Summ/Air       #.......     65%         4


Dungeon Overview and Level Annotations

Branches:
Dungeon (2/15)

Altars:


Innate Abilities, Weirdness & Mutations

You cannot wear armour.
You are incapable of wielding weapons or throwing items.
Your paws allow you to move quietly. (Stealth)
You have sharp claws.
You have razor-sharp teeth.
You have supernaturally acute eyesight. (SInv)
You cover ground quickly.
You are covered in fur. (AC +1)
Your sharp claws are effective at attacking unaware monsters.


Message History

There is a stone staircase leading up here.
The jackal misses you. x2
You climb upwards.
There is a stone staircase leading down here.
You barely miss the jackal. The jackal misses you.
You closely miss the jackal. The jackal misses you.
The jackal barely misses you.
You scratch the jackal.
The jackal is heavily wounded.
The jackal bites you.
Your magical contamination has completely faded away.
You closely miss the jackal. Your bite misses the jackal.
The jackal is heavily wounded.
The jackal closely misses you.
You scratch the jackal.
The jackal is almost dead.
The jackal bites you.
* * * LOW HITPOINT WARNING * * *
The jackal bites you.
You die...

#.# #.# # #### #.### ..#
#.... # #.# #..##
#.#####†####).## #####
#...b.........#
......######............
......h@........########
.####.######...## #
##.## ###


You could see a jackal.

Vanquished Creatures
  A hobgoblin (D:1)
1 creature vanquished.

Vanquished Creatures (collateral kills)
  A hobgoblin (D:1)
  2 rats (D:1)
3 creatures vanquished.

Grand Total: 4 creatures vanquished

Notes
Turn   | Place    | Note
-------+----------+-------------------------------------------
     0 | D:1      | puszystypenetrator the Felid Summoner began the quest for
                  | the Orb.
     0 | D:1      | Reached XP level 1. HP: 7/7 MP: 4/4
   146 | D:1      | Slain by a jackal

Illustrated notes

Levels and vault maps discovered:
D:1:      psy_arrival_heroes, layout_loops_ring
D:2:      layout_rooms, lemuel_round_altar

Action                   || total
-------------------------++-------
Melee: Unarmed           ||     6
 Cast: Summon Small Mamm ||     8
Dodge: Dodged            ||     9

Table legend: (Time is in decaauts)
 A = Elapsed time spent in this place.
 B = Non-inter-level travel time spent in this place.
 C = Inter-level travel time spent in this place.
 D = Time resting spent in this place.
 E = Time spent auto-exploring this place.
 F = Levels seen in this place.
 G = Mean time per level.
                   A        B        C        D        E       F      G
               +--------+--------+--------+--------+--------+-----+--------+
         Total |    123 |    123 |      0 |      0 |      6 |   2 |   61.5 |
       Dungeon |    123 |    123 |      0 |      0 |      6 |   2 |   61.5 |
               +--------+--------+--------+--------+--------+-----+--------+

Top non-repeatable levels by time:
     D:1: 118 daAuts
     D:2: 4 daAuts
